 Dungeon Crawl Stone Soup version 0.28.0-47-ge53b351184 (webtiles) character file.

Game seed: 9471358204638696148

1283 DearestLeader the Shield-Bearer (level 8, -2/62 (67) HPs)
             Began as a Gnoll Fighter on Apr 27, 2022.
             Was an Initiate of Cheibriados.
             Slain by a wight
             ... wielding a +4 battleaxe
              (17 damage)
             ... on level 6 of the Dungeon on May 6, 2022.
             The game lasted 00:10:50 (5505 turns).

DearestLeader the Shield-Bearer (Gnoll Fighter)     Turns: 5505, Time: 00:10:51

HP:   -2/62 (67)    AC: 12    Str: 20    XL:     8   Next: 54%
MP:   13/13         EV: 11    Int:  8    God:    Cheibriados [......]
Gold: 319           SH:  5    Dex: 12    Spells: 13/13 levels left

rFire   + . .      SeeInvis .   u - +1 spear of Loniusm {freeze, rF+}
rCold   . . .      Faith    .   c - +0 buckler
rNeg    . . .      Spirit   .   s - +4 ring mail of Refuge {Will+}
rPois   .          Reflect  .   (no helmet)
rElec   .          Harm     .   (no cloak)
rCorr   .          Rampage  .   g - +0 pair of gloves
Will    +....                   (no boots)
Stlth   ++........              (no amulet)
HPRegen 0.20/turn               (no ring)
MPRegen 0.13/turn               (no ring)

@: drained, very slow
A: fangs 1, strong nose, distributed training
a: Renounce Religion


You were on level 6 of the Dungeon.
You worshipped Cheibriados.
Cheibriados was noncommittal.
You visited 2 branches of the dungeon, and saw 8 of its levels.

You collected 319 gold pieces.

Inventory:

Hand Weapons
 a - a +1 war axe
 u - the +1 spear of Loniusm (weapon) {freeze, rF+}
   (You found it on level 3 of the Dungeon)

   It freezes those it strikes, dealing additional cold damage.
   It can also slow down cold-blooded creatures.
   rF:        It protects you from fire.
Missiles
 v - 36 bolts
Armour
 b - a +0 scale mail
 c - a +0 buckler (worn)
 g - a +0 pair of gloves (worn)
 o - a +2 plate armour of willpower
 s - the +4 ring mail of Refuge (worn) {Will+}
   (You found it on level 3 of the Dungeon)

   Will:      It increases your willpower.
Jewellery
 l - an amulet of faith
Wands
 j - a wand of iceblast (2)
 q - a wand of flame (23)
Scrolls
 d - a scroll of teleportation
 f - 2 scrolls of enchant weapon
 k - a scroll of vulnerability {unknown}
 n - a scroll of amnesia {unknown}
 p - a scroll of blinking
 t - 2 scrolls of fear {unknown}
 x - a scroll of enchant armour {unknown}
 y - a scroll of noise {unknown}
Potions
 e - a potion of degeneration
 h - a potion of ambrosia {unknown}
 i - a potion of attraction {unknown}
 r - 2 potions of flight
 w - 2 potions of heal wounds {unknown}
 z - a potion of haste {unknown}


   Skills:
 + Level 7.4 Fighting
 + Level 3.3 Short Blades
 + Level 3.3 Long Blades
 + Level 5.7 Axes
 + Level 3.3 Maces & Flails
 + Level 3.3 Polearms
 + Level 3.3 Staves
 + Level 3.3 Slings
 + Level 3.3 Bows
 + Level 3.3 Crossbows
 + Level 3.3 Throwing
 + Level 7.4 Armour
 + Level 3.3 Dodging
 + Level 3.3 Stealth
 + Level 7.4 Shields
 + Level 3.3 Unarmed Combat
 + Level 3.3 Spellcasting
 + Level 2.7 Conjurations
 + Level 2.7 Hexes
 + Level 2.7 Summonings
 + Level 2.7 Necromancy
 + Level 2.7 Translocations
 + Level 2.7 Transmutations
 + Level 2.7 Fire Magic
 + Level 2.7 Ice Magic
 + Level 2.7 Air Magic
 + Level 2.7 Earth Magic
 + Level 2.7 Poison Magic
 + Level 3.7 Invocations
 + Level 3.3 Evocations


You had 13 spell levels left.
You didn't know any spells.
Your spell library contained the following spells:

 Spells                   Type           Power      Damage    Failure   Level
 Sandblast                Erth           10%        2d5       21%         1
 Passwall                 Tmut/Erth      4%         N/A       30%         2
 Frozen Ramparts          Ice            10%        1d3       52%         3
 Ozocubu's Armour         Ice            5%         N/A       52%         3
 Stone Arrow              Conj/Erth      10%        3d7       52%         3
 Ice Form                 Ice/Tmut       5%         N/A       89%         4
 Summon Ice Beast         Ice/Summ       5%         N/A       89%         4
 Metabolic Englaciation   Hex/Ice        2%         N/A       99%         5
 Simulacrum               Ice/Necr       2%         N/A       100%        6


Dungeon Overview and Level Annotations

Branches:
Dungeon (7/15)             Temple (1/1) D:4

Altars:
Ashenzari
Cheibriados
Dithmenos
Elyvilon
Gozag
Hepliaklqana
Nemelex Xobeh
Qazlal
Ru
Sif Muna
Trog
Vehumet
Wu Jian
Xom
Yredelemnul
Zin
Jiyva

Shops:
D:3 [   D:4 (   D:6 :


Innate Abilities, Weirdness & Mutations

You have very sharp teeth.
Your uncanny sense of smell can sniff out nearby items.
Your experience applies equally to all skills.


Message History

You puncture the steam dragon! You freeze the steam dragon.
You bite the steam dragon, but do no damage.
The steam dragon is almost dead.
The steam dragon barely misses you.
The steam dragon claws you but does no damage.
You barely miss the steam dragon.
The steam dragon is almost dead.
You block the steam dragon's attack.
The steam dragon claws you but does no damage.
You hit the steam dragon. You freeze the steam dragon.
You kill the steam dragon!
Cheibriados appreciates the change of pace.
The wight misses you.
The wight throws a boomerang.
You block the boomerang. You block the wight's attack.
You hit the wight but do no damage. Your bite misses the wight.
Found a flail.
Found an escape hatch in the ceiling.
The wight barely misses you. The wight hits you with a +4 battleaxe.
You feel drained. The wight barely misses you. The wight misses you.
The wight hits you with a +3 short sword!
You feel drained.
There is a stone staircase leading up here.
The wight hits you with a +4 battleaxe.
The wight hits you with a +3 short sword.
* * * LOW HITPOINT WARNING * * *
You feel drained.
You climb upwards.
There is a stone staircase leading down here.
The wight hits you with a +4 battleaxe.
* * * LOW HITPOINT WARNING * * *
The wight barely misses you. You block the wight's attack.
You hit the wight but do no damage. The wight hits you with a +4 battleaxe.
* * * LOW HITPOINT WARNING * * *
You barely miss the wight. You block the wight's attack.
It was a potion of cancellation.
You feel magically purged. The wight hits you with a +4 battleaxe!
You die...

#.# #....... #.#
#.......
###.##########'
#..............
#.#>...........
#.#.###########
#.#.########
######.#........#
#..@zz.#........# ##
#.###...........# #.
#.###.......##### #.
#...........# #.
#..##.......# #.
##..##.......#######.
#...##.......##......
######.......##.#####
#.......##.#####


You could see 2 wights.

Vanquished Creatures
  4 steam dragons
  An ogre (D:6)
  A black bear (D:4)
  A centaur (D:7)
  A scorpion (D:4)
  A water moccasin zombie (D:6)
  2 water moccasin skeletons
  A howler monkey (D:6)
  2 iguanas
  A howler monkey skeleton (D:7)
  12 adders
  4 dart slugs
  3 orcs (D:4)
  6 ball pythons
  4 endoplasms
  4 giant cockroaches
  7 goblins
  2 hobgoblins
  2 jackals (D:4)
  8 kobolds
  5 quokkas
  3 bats
  5 frilled lizards
  7 rats
87 creatures vanquished.

Vanquished Creatures (others)
  2 fungi (D:1)
  7 plants (D:1)
9 creatures vanquished.

Grand Total: 96 creatures vanquished

Notes
Turn   | Place    | Note
-------+----------+-------------------------------------------
     0 | D:1      | DearestLeader the Gnoll Fighter began the quest for the
                  | Orb.
     0 | D:1      | Reached XP level 1. HP: 23/23 MP: 1/1
   225 | D:1      | Reached XP level 2. HP: 29/29 MP: 2/2
   412 | D:1      | Reached XP level 3. HP: 26/35 MP: 3/3
   567 | D:1      | Found a faded altar of an unknown god.
   746 | D:2      | Reached skill level 1 in Invocations
  1022 | D:2      | Reached skill level 1 in Short Blades
  1022 | D:2      | Reached skill level 1 in Long Blades
  1022 | D:2      | Reached skill level 1 in Maces & Flails
  1022 | D:2      | Reached skill level 1 in Polearms
  1022 | D:2      | Reached skill level 1 in Staves
  1022 | D:2      | Reached skill level 1 in Slings
  1022 | D:2      | Reached skill level 1 in Bows
  1022 | D:2      | Reached skill level 1 in Crossbows
  1022 | D:2      | Reached skill level 1 in Throwing
  1022 | D:2      | Reached skill level 1 in Dodging
  1022 | D:2      | Reached skill level 1 in Stealth
  1022 | D:2      | Reached skill level 1 in Unarmed Combat
  1022 | D:2      | Reached skill level 1 in Spellcasting
  1022 | D:2      | Reached skill level 1 in Evocations
  1043 | D:2      | Reached XP level 4. HP: 41/41 MP: 5/5
  1473 | D:2      | Reached skill level 1 in Conjurations
  1473 | D:2      | Reached skill level 1 in Hexes
  1473 | D:2      | Reached skill level 1 in Summonings
  1473 | D:2      | Reached skill level 1 in Necromancy
  1473 | D:2      | Reached skill level 1 in Translocations
  1473 | D:2      | Reached skill level 1 in Transmutations
  1473 | D:2      | Reached skill level 1 in Fire Magic
  1473 | D:2      | Reached skill level 1 in Ice Magic
  1473 | D:2      | Reached skill level 1 in Air Magic
  1473 | D:2      | Reached skill level 1 in Earth Magic
  1473 | D:2      | Reached skill level 1 in Poison Magic
  1931 | D:3      | Reached XP level 5. HP: 35/47 MP: 5/7
  2209 | D:3      | Identified the +4 ring mail of Refuge {Will+}
  2310 | D:3      | Found Ceucem's Armour Shoppe.
  2327 | D:3      | Identified the +1 spear of Loniusm {freeze, rF+}
  2534 | D:4      | Reached XP level 6. HP: 26/53 MP: 8/8
  2744 | D:4      | Noticed a black bear
  2755 | D:4      | Killed a black bear
  2756 | D:4      | Reached skill level 5 in Axes
  3002 | D:4      | Found a staircase to the Ecumenical Temple.
  3027 | Temple   | Entered the Ecumenical Temple
  3118 | Temple   | Became a worshipper of Cheibriados the Contemplative
  3304 | D:4      | Found a broken altar of Ashenzari.
  3517 | D:4      | Found Ruit's Weapon Shoppe.
  3589 | D:5      | Entered Level 5 of the Dungeon
  3652 | D:5      | Noticed a two-headed ogre
  3697 | D:6      | Noticed a steam dragon
  3718 | D:6      | Killed a steam dragon
  3719 | D:6      | Reached XP level 7. HP: 16/60 MP: 10/10
  3951 | D:6      | Found Ithates's Book Shoppe.
  3989 | D:6      | Found an ornate altar of the Wu Jian Council.
  4156 | D:6      | Noticed a steam dragon
  4175 | D:6      | Killed a steam dragon
  4514 | D:6      | Found a shadowy altar of Dithmenos.
  4588 | D:6      | Reached XP level 8. HP: 37/67 MP: 12/12
  4853 | D:6      | Found a radiant altar of Vehumet.
  5416 | D:7      | Found a shimmering blue altar of Sif Muna.
  5505 | D:6      | Slain by a wight

Illustrated notes

Levels and vault maps discovered:
D:1:      lightli_arrival_isolated_outpost, layout_rooms,
          shapermc_ecumenical_altar_mp_ritualfount, serial_corexii_hall,
          chequers_hall_statues_wall_a, corexii_hall_statues_u
D:2:      kb_forest_paths, layout_basic, minmay_misc_feat_nine_boxes
D:3:      layout_rooms, serial_shops, shop
D:4:      layout_loops_ring, ashenzari_altar_1, minmay_temple_entry_tees,
          serial_shops, shop
D:5:      layout_layer_cave, nicolae_tso_carved_into_rock
D:6:      layout_basic, mainiacjoe_overflow_paths,
          lemuel_coloured_pillars_altar, amcnicky_altar_gilded, serial_shops,
          nicolae_square_shop
D:7:      layout_basic, mainiacjoe_overflow_cross_hatched,
          nicolae_shop_self_help
Temple:   pf_slimified_temple

Skill      XL: |  1  2  3  4  5  6  7  8 |
---------------+-------------------------+-----
Invocations    | 1 2 3 |  3.7
Short Blades   | 1 2 3 |  3.3
Long Blades    | 1 2 3 |  3.3
Maces & Flails | 1 2 3 |  3.3
Polearms       | 1 2 3 |  3.3
Staves         | 1 2 3 |  3.3
Slings         | 1 2 3 |  3.3
Bows           | 1 2 3 |  3.3
Crossbows      | 1 2 3 |  3.3
Throwing       | 1 2 3 |  3.3
Dodging        | 1 2 3 |  3.3
Stealth        | 1 2 3 |  3.3
Unarmed Combat | 1 2 3 |  3.3
Spellcasting   | 1 2 3 |  3.3
Evocations     | 1 2 3 |  3.3
Conjurations   | 1 2 |  2.7
Hexes          | 1 2 |  2.7
Summonings     | 1 2 |  2.7
Necromancy     | 1 2 |  2.7
Translocations | 1 2 |  2.7
Transmutations | 1 2 |  2.7
Fire Magic     | 1 2 |  2.7
Ice Magic      | 1 2 |  2.7
Air Magic      | 1 2 |  2.7
Earth Magic    | 1 2 |  2.7
Poison Magic   | 1 2 |  2.7
Axes           | 5 |  5.7
Fighting       | 7 |  7.4
Armour         | 7 |  7.4
Shields        | 7 |  7.4

Action                   |  1- 3 |  4- 6 |  7- 9 || total
-------------------------+-------+-------+-------++-------
Melee: War axe           |    75 |    65 |       ||   140
       Bite              |     6 |    10 |    14 ||    30
       Spear             |       |   127 |    82 ||   209
  Use: Scroll            |       |     3 |     3 ||     6
       Potion            |       |     1 |     2 ||     3
 Stab: Sleeping          |       |     1 |     2 ||     3
Armor: Scale mail        |    40 |    14 |       ||    54
       Plate armour      |       |    18 |       ||    18
       Ring mail         |       |    50 |    47 ||    97
Dodge: Dodged            |    39 |    70 |    41 ||   150
Block: Buckler           |    25 |    41 |    20 ||    86
